 Dungeon Crawl Stone Soup version 0.30-a0-135-g630cfc4551 (webtiles) character file.

Game seed: 13018230769581382175

1652 Iusername the Conjurer (level 8, -8/63 HPs)
             Began as a Grey Draconian Conjurer on Sept 20, 2022.
             Was a Follower of Vehumet.
             Mangled by a yak (12 damage)
             ... on level 6 of the Dungeon.
             The game lasted 00:37:50 (18025 turns).

Iusername the Conjurer (Grey Draconian Conjurer)   Turns: 18025, Time: 00:37:51

Health: -8/63      AC: 18    Str: 10    XL:     8   Next: 68%
Magic:  8/16       EV: 13    Int: 21    God:    Vehumet [*.....]
Gold:   487        SH:  0    Dex: 13    Spells: 10/18 levels left

rFire   + . .      SeeInvis .    x - +4 dagger
rCold   . . .      Faith    .    (no shield)
rNeg    . . .      Spirit   .    (body armour unavailable)
rPois   .          Reflect  .    (helmet restricted)
rElec   .          Harm     .    h - +2 cloak "Fejetanas" {rCorr Dex+4}
rCorr   +          Rampage  .    n - +0 pair of gloves
Will    .....                    v - +2 pair of boots
Stlth   ++........               (no amulet)
HPRegen 0.20/turn                w - ring of protection from fire
MPRegen 0.15/turn                (no ring)

@: no status effects
A: AC +11, amphibious, unfitting armour, cold-blooded
a: Renounce Religion


You were on level 6 of the Dungeon.
You worshipped Vehumet.
Vehumet was aware of your devotion.
You visited 2 branches of the dungeon, and saw 7 of its levels.

You collected 487 gold pieces.

Inventory:

Hand Weapons
 x - a +4 dagger (weapon)
Missiles
 A - 2 throwing nets
Armour
 h - the +2 cloak "Fejetanas" (worn) {rCorr Dex+4}
   (You acquired it on level 5 of the Dungeon)

   Dex:       It affects your dexterity (+4).
   rCorr:     It protects you from acid and corrosion.
 n - a +0 pair of gloves (worn)
 v - a +2 pair of boots (worn)
Jewellery
 o - an amulet of guardian spirit
 w - a ring of protection from fire (left hand)
 y - a ring of see invisible
Wands
 i - a wand of light (7) (quivered)
 r - a wand of polymorph (4)
 B - a wand of mindburst (10)
Scrolls
 c - 2 scrolls of fear
 d - a scroll of identify
 f - 4 scrolls of teleportation
 j - a scroll of immolation
 k - a scroll of poison
 l - 3 scrolls of fog
 q - a scroll of enchant weapon
 t - 2 scrolls of magic mapping
 z - 2 scrolls of blinking
Potions
 a - 2 potions of degeneration {unknown}
 b - 2 potions of curing
 e - 3 potions of heal wounds
 g - a potion of attraction {unknown}
 m - a potion of ambrosia {unknown}
 p - a potion of haste {unknown}
 s - a potion of invisibility {unknown}
 u - 2 potions of mutation {unknown}


   Skills:
 + Level 3.0 Fighting
 + Level 1.3 Short Blades
 + Level 4.6 Dodging
 + Level 3.9 Stealth
 + Level 1.1 Unarmed Combat
 + Level 5.7 Spellcasting
 + Level 6.7 Conjurations
 + Level 0.2 Necromancy
 + Level 1.0 Air Magic
 + Level 1.3 Evocations


You had 10 spell levels left.
You knew the following spells:

 Your Spells              Type           Power      Damage    Failure   Level
a - Magic Dart            Conj           100%       1d8       1%          1
b - Searing Ray           Conj           68%        2d6       1%          2
c - Static Discharge      Conj/Air       44%        2-4/arc   3%          2
d - Sublimation of Blood  Necr           7%         N/A       14%         2
e - Necrotise             Necr           28%        1d5       9%          1

Your spell library contained the following spells:

 Spells                   Type           Power      Damage    Failure   Level
 Freeze                   Ice            24%        1d5       10%         1
 Dazzling Flash           Conj/Hex       40%        N/A       8%          3
 Apportation              Tloc           12%        N/A       10%         1
 Summon Small Mammal      Summ           24%        N/A       10%         1
 Wereblood                Tmut           6%         N/A       16%         2
 Kindle Blastsparks       Fire/Tloc/Air  14%        2d11      26%         3
 Fulminant Prism          Conj/Hex       10%        3d9       26%         4
 Iskenderun's Mystic Bla  Conj/Tloc      20%        2d6       26%         4
 Sticky Flame             Conj/Fire      20%        2d4       26%         4
 Ozocubu's Armour         Ice            6%         N/A       30%         3
 Dispel Undead            Necr           7%         3d8       65%         4
 Passage of Golubria      Tloc           6%         N/A       69%         4
 Lee's Rapid Deconstruct  Erth           3%         3d6*      95%         5
 Yara's Violent Unravell  Hex/Tmut       3%         3d4       95%         5
 Malign Gateway           Summ/Tloc      3%         N/A       100%        7
 Ozocubu's Refrigeration  Ice            3%         4d8       100%        7
 Summon Hydra             Summ           3%         N/A       100%        7
 Summon Horrible Things   Summ           3%         N/A       100%        8


Dungeon Overview and Level Annotations

Branches:
Dungeon (6/15)             Temple (1/1) D:5

Altars:
Ashenzari
Cheibriados
Dithmenos
Fedhas
Hepliaklqana
Kikubaaqudgha
Makhleb
Nemelex Xobeh
Qazlal
Ru
Sif Muna
Trog
Uskayaw
Vehumet
Wu Jian
Xom
Yredelemnul
Zin


Innate Abilities, Weirdness & Mutations

Your dull iron-grey scales are very hard. (AC +11)
You are amphibious.
You cannot fit into any form of body armour.
You are cold-blooded and may be slowed by cold attacks.


Message History

Confirm with . or Enter, or press ? or * to list all spells.
Okay, then.
Welcome back, Iusername the Grey Draconian Conjurer.
Vehumet says: Let it end in hellfire!
Press ? for a list of commands and other information.
You feel much better.
The shadow imp shouts, "Turn tail, thou droning crook-pated wormtrail!"
The troll bites you. The troll completely misses you.
The troll closely misses you. The yak barely misses you.
Cast which spell? (? or * to list)
Aiming: Searing Ray (safe; 1% risk of failure)
Press: ? - help, Shift-Dir - straight line, f - troll
Aim: a troll (lightly wounded, 81% to hit)
The searing ray hits the troll!
The troll is heavily wounded. (Press . to maintain the ray.)
The troll misses you. The troll claws you.
The troll claws you but does no damage. The yak closely misses you.
The searing ray hits the troll.
The troll is heavily wounded.
The troll closely misses you. The troll claws you but does no damage.
The troll misses you. The yak closely misses you.
The searing ray hits the troll but does no damage.
The troll is heavily wounded.
The troll bites you but does no damage. The troll claws you but does no damage.
The troll claws you. The yak closely misses you.
The searing ray hits the troll.
The troll is heavily wounded.
You finish channelling your searing ray.
The troll bites you but does no damage. The troll claws you.
The troll misses you. The yak barely misses you. The troll bites you.
The troll claws you. The troll claws you! The yak gores you but does no damage.
The troll barely misses you. The troll claws you.
* * * LOW HITPOINT WARNING * * *
The troll claws you but does no damage. The yak barely misses you.
The troll bites you!
* * * LOW HITPOINT WARNING * * *
The troll barely misses you. x2; The yak gores you!
You die...

#.JY..5.#....##
#.l.....#.....#
#.....O. ....#
#..F.. ...# #...
..#
####'########.#
####...........o.#
...#...........T.#
...#..........5Y@#
...#.########+####
...#..###
...#....#
.).#....##
...#.....#
...##....#
..<##....#
..)####..#


You could see a yak, a troll, a shadow imp and an orc.

Vanquished Creatures
  Sigmund (D:5)
  A vampire mosquito (D:6)
  2 black bears (D:5)
  A centaur (D:5)
  A kobold brigand (D:6)
  A bullfrog (D:6)
  A gnoll sergeant (D:6)
  A necrophage (D:4)
  2 scorpions
  The ghost of ThrustWizard the Cutter, a weakling KoBe of Trog (D:3)
  A jelly (D:6)
  A hound (D:4)
  An orc priest (D:5)
  5 iguanas
  Natasha (thrice) (D:3)
  2 orc wizards (D:5)
  Terence (D:2)
  11 gnolls
  8 adders
  An ufetubus (D:6)
  5 dart slugs
  12 orcs
  3 bats
  10 endoplasms
  4 giant cockroaches
  14 goblins
  20 hobgoblins
  2 quokkas
  9 ball pythons
  12 frilled lizards
  17 kobolds
  10 rats
164 creatures vanquished.

Vanquished Creatures (others)
  23 plants
23 creatures vanquished.

Grand Total: 187 creatures vanquished

Notes
Turn   | Place    | Note
-------+----------+-------------------------------------------
     0 | D:1      | Iusername the Draconian Conjurer began the quest for the
                  | Orb.
     0 | D:1      | Reached XP level 1. HP: 14/14 MP: 3/3
   587 | D:1      | Reached XP level 2. HP: 20/20 MP: 1/5
  1562 | D:1      | Found a faded altar of an unknown god.
  1591 | D:1      | Got the Tractate on Elliptic Beguiling
  2162 | D:2      | Reached XP level 3. HP: 26/26 MP: 2/6
  4043 | D:2      | Reached XP level 4. HP: 17/33 MP: 0/7
  5896 | D:2      | Noticed Terence
  5907 | D:2      | Killed Terence
  6502 | D:2      | Reached XP level 5. HP: 38/38 MP: 4/9
  6827 | D:2      | Learned a level 2 spell: Searing Ray
  7356 | D:3      | Found a large runed translucent door.
  7365 | D:3      | Found a large runed translucent door.
  8000 | D:3      | Reached skill level 5 in Conjurations
  8142 | D:3      | Learned a level 2 spell: Static Discharge
  9054 | D:3      | Noticed Natasha
  9056 | D:3      | Killed Natasha
  9578 | D:3      | Noticed ThrustWizard's ghost (weakling KoBe)
  9594 | D:3      | Killed ThrustWizard's ghost
  9595 | D:3      | Reached skill level 1 in Evocations
  9615 | D:3      | Noticed Natasha
  9734 | D:3      | Killed Natasha
  9898 | D:3      | Noticed Natasha
 10018 | D:3      | Killed Natasha
 10019 | D:3      | Reached XP level 6. HP: 26/46 MP: 5/11
 10984 | D:4      | Reached skill level 1 in Fighting
 11939 | D:5      | Entered Level 5 of the Dungeon
 12401 | D:5      | Your scales start taking on a dull iron-grey colour.
 12401 | D:5      | Reached XP level 7. HP: 42/53 MP: 1/13
 13293 | D:5      | Noticed Sigmund
 13311 | D:5      | Killed Sigmund
 13312 | D:5      | Reached skill level 1 in Unarmed Combat
 13686 | D:5      | Reached skill level 6 in Conjurations
 14063 | D:5      | Found a staircase to the Ecumenical Temple.
 14087 | Temple   | Entered the Ecumenical Temple
 14156 | Temple   | Became a worshipper of Vehumet
 14366 | D:5      | Reached XP level 8. HP: 61/61 MP: 9/15
 15054 | D:5      | Identified a scroll of acquirement
 15055 | D:5      | Acquired the +2 cloak "Fejetanas" {rCorr Dex+4}
 15482 | D:5      | Reached skill level 5 in Spellcasting
 16962 | D:6      | Learned a level 2 spell: Sublimation of Blood
 16964 | D:6      | Learned a level 1 spell: Necrotise
 17337 | D:6      | Reached * piety under Vehumet
 17337 | D:6      | Offered knowledge of Freeze by Vehumet.
 17338 | D:6      | Reached skill level 1 in Short Blades
 18011 | D:6      | Noticed a troll
 18018 | D:6      | Reached skill level 1 in Air Magic
 18025 | D:6      | Mangled by a yak

Illustrated notes

Levels and vault maps discovered:
D:1:      pf_arrival_petrified_forest, layout_basic,
          hellmonk_ecumenical_altar_lost_god, minmay_tetromino_t4
D:2:      layout_basic, grunt_ministairs_9, uniq_terence
D:3:      wad_lake_hut, layout_basic, ebering_ghost_disaster_area, uniq_natasha
D:4:      layout_layer_cave
D:5:      corexii_shantytown, layout_loops_cross, minmay_temple_entry_wispy,
          glass_columns_a, minmay_lizard_king, uniq_sigmund
D:6:      minmay_opposing_rooms, layout_rooms, hangedman_decor_points
Temple:   mainiacjoe_temple_bowtie_tessellation

Skill      XL: |  1  2  3  4  5  6  7  8 |
---------------+-------------------------+-----
Dodging        | 2 3 4 |  4.6
Stealth        | 2 3 |  3.9
Spellcasting   | 3 4 5 |  5.7
Conjurations   | 5 6 |  6.7
Evocations     | 1 |  1.3
Fighting       | 1 2 3 |  3.0
Unarmed Combat | 1 |  1.1
Short Blades   | 1 |  1.3
Air Magic      | 1 |  1.0
Necromancy     | |  0.2

Action                   |  1- 3 |  4- 6 |  7- 9 || total
-------------------------+-------+-------+-------++-------
Melee: Unarmed           |    21 |    64 |       ||    85
       Tailslap          |     3 |    15 |     9 ||    27
       Punch             |     2 |       |       ||     2
       Dagger            |       |    11 |    40 ||    51
 Cast: Magic Dart        |    82 |   122 |    21 ||   225
       Searing Ray       |       |    17 |    41 ||    58
       Static Discharge  |       |       |    19 ||    19
       Necrotise         |       |       |     2 ||     2
Evoke: Wand              |     1 |     9 |       ||    10
  Use: Potion            |     1 |     1 |     1 ||     3
       Scroll            |       |     1 |    10 ||    11
Armor: Skin              |    16 |    36 |    90 ||   142
Dodge: Dodged            |    44 |    88 |   106 ||   238

Table legend: (Time is in decaauts)
 A = Elapsed time spent in this place.
 B = Non-inter-level travel time spent in this place.
 C = Inter-level travel time spent in this place.
 D = Time resting spent in this place.
 E = Time spent auto-exploring this place.
 F = Levels seen in this place.
 G = Mean time per level.
                   A        B        C        D        E       F      G
               +--------+--------+--------+--------+--------+-----+--------+
         Total |  18081 |  17880 |    201 |  11474 |   4491 |   7 | 2583.0 |
       Dungeon |  17848 |  17682 |    166 |  11474 |   4311 |   6 | 2974.7 |
        Temple |    232 |    197 |     35 |      0 |    180 |   1 |  232.0 |
               +--------+--------+--------+--------+--------+-----+--------+

Top non-repeatable levels by time:
     D:3: 4726 daAuts
     D:5: 4570 daAuts
     D:2: 3527 daAuts
     D:1: 2157 daAuts
     D:4: 1584 daAuts
     D:6: 1282 daAuts
  Temple: 232 daAuts
